AoeStats
← Rattack

Arabia

509914488Analyzed
1v1 RM · 4d ago on Sep 28, 2026· 13m 14s· 2 players
Game mode
Random Map
Map size
Tiny (2 player)
Population
200
Speed
Normal
Resources
Standard
Victory
Conquest
Starting age
Dark Age
Ending age
Imperial Age
RankedLock teamsTeams togetherTeam positionsShared explorationLock speedFull tech treeHidden civsTurbo modeCheats
Victory
Defeat
🇫🇮 Berbers · Finland
1538
+14
🇦🇷 Mapuche · Argentina
1493
-14
Crash Bandicoot
6:14 Loom
9:14 Feudal Age
9:19 Champi Runner
9:54 Double-Bit Axe
Rattack
9:19 Feudal Age
8:10 Loom
9:28 Man-at-Arms
10:48 Loom
Connection lost

Rejoining the realm…

Still unreachable

The connection could not be restored.

Session expired

The server has moved on; the page needs a fresh start.